details: '1v1 (r)ud v ne'

« prev index next »

General information

Mini Map

Players

team 1
Random» UndeadTIMG4STRok (pink | 153 APM | 1358 actions | 08:50)
Hero icon 2 Death Knight
Ability icon 1 Death Coil
Ability icon 1 Unholy Aura
Hero icon 1 Lich
Ability icon 1 Frost Nova

» actions
Assign group hotkey17
Basic commands29
Build / train28
ESC pressed1
Enter build submenu10
Enter hero's abilities submenu4
Right click760
Select / deselect138
Select group hotkey351
Use ability20
1358 total
» units
Acolyte2
Ghoul10
Gargoyle7
19 total
» buildings
Crypt2
Altar of Darkness1
Ziggurat3
Tomb of Relics1
Halls of the Dead1
Graveyard1
Nerubian Tower1
10 total
» build order
00:06 Crypt
00:09 Altar of Darkness
00:33 Ziggurat
01:09 Tomb of Relics
01:36 Ziggurat
03:36 Halls of the Dead
03:39 Graveyard
05:06 Ziggurat
06:15 Nerubian Tower
07:14 Crypt
» items
Rod of Necromancy1
Potion of Healing1
2 total
team 2
NightElfeufo-treino (blue | 183 APM | 1619 actions | 08:49)
Hero icon 3 Demon Hunter
Ability icon 2 Mana Burn
Ability icon 1 Evasion
Hero icon 1 Beastmaster
Ability icon 1 Summon Quilbeast

» actions
Assign group hotkey40
Basic commands71
Build / train36
ESC pressed1
Enter build submenu8
Enter hero's abilities submenu4
Right click851
Select / deselect185
Select group hotkey377
Use ability46
1619 total
» units
Wisp14
Archer11
25 total
» buildings
Altar of Elders1
Moon Well4
Ancient of War2
Tree of Ages1
Hunter's Hall1
9 total
» build order
00:07 Altar of Elders
00:18 Moon Well
00:39 Ancient of War
01:31 Moon Well
02:46 Tree of Ages
03:20 Ancient of War
07:00 Hunter's Hall
07:17 Moon Well
08:25 Moon Well